 Dungeon Crawl Stone Soup version 0.29-a0-1006-g0dd7720b37 (webtiles) character file.

Game seed: 9182410097671490221

36 BritishOli the Trooper (level 3, 18/29 HPs)
             Began as a Demonspawn Fighter on Aug 6, 2022.
             Got out of the dungeon alive.
             The game lasted 00:00:48 (1055 turns).

BritishOli the Trooper (Demonspawn Fighter)         Turns: 1055, Time: 00:00:49

Health: 18/29      AC:  6    Str: 18    XL:     3   Next: 19%
Magic:  3/3        EV:  9    Int:  9    God:
Gold:   25         SH:  4    Dex: 12    Spells: 2/2 levels left

rFire   . . .      SeeInvis .   g - +2 short sword (venom)
rCold   . . .      Faith    .   c - +0 buckler
rNeg    . . .      Spirit   .   b - +0 scale mail
rPois   .          Reflect  .   (no helmet)
rElec   .          Harm     .   (no cloak)
rCorr   .          Rampage  .   (no gloves)
Will    .....                   (no boots)
Stlth   ..........              (no amulet)
HPRegen 0.09/turn               (no ring)
MPRegen 0.16/turn               (no ring)

@: no status effects
A: powered by pain 1, magic regeneration
a: no special abilities


You escaped.
You visited 1 branch of the dungeon, and saw 1 of its levels.

You collected 25 gold pieces.

Inventory:

Hand Weapons
 a - a +0 long sword
 g - a +2 short sword of venom (weapon)
Armour
 b - a +0 scale mail (worn)
 c - a +0 buckler (worn)
Scrolls
 e - a scroll of immolation {unknown}
 f - a scroll of identify {unknown}
 h - a scroll of magic mapping {unknown}
Potions
 d - a potion of might


   Skills:
 + Level 3.3 Fighting
 + Level 2.2 Long Blades
 + Level 3.0 Armour
 + Level 3.0 Shields


You had 2 spell levels left.
You didn't know any spells.
Your spell library contained the following spells:

 Spells                   Type           Power      Damage    Failure   Level
 Magic Dart               Conj           0%         1d3       86%         1
 Call Imp                 Summ           0%         N/A       94%         2
 Mephitic Cloud           Conj/Pois/Air  0%         N/A       99%         3


Dungeon Overview and Level Annotations

Branches:
Dungeon (1/15)

Altars:


Innate Abilities, Weirdness & Mutations

You sometimes gain a little power by taking damage.
You regenerate magic rapidly.


Message History

The jackal closely misses you. You block the jackal's attack.
You closely miss the jackal.
The jackal bites you but does no damage.
You barely miss the goblin. You block the jackal's attack.
The goblin hits you but does no damage.
You are poisoned.
The jackal bites you but does no damage.
The goblin hits you but does no damage.
You are more poisoned.
You closely miss the goblin.
You feel very sick. You block the jackal's attack.
The goblin closely misses you.
You hit the goblin.
You kill the goblin!
You feel very sick.
The jackal bites you but does no damage. x2
You barely miss the jackal.
You feel sick.
The jackal bites you but does no damage.
You hit the jackal.
The jackal is poisoned.
The jackal is heavily wounded.
You feel sick.
The jackal bites you but does no damage.
The jackal bites you.
You hit the jackal.
You kill the jackal!
You feel sick.
No target in view!
No target in view!
No target in view!
Found 11 gold pieces.
You feel sick.
You feel sick.
You feel sick.
You feel sick.
You are no longer poisoned.
(D) Dungeon
Where to? (Enter - D:1 @ (x,y), ? - help)
Okay, then.
There is a staircase leading out of the dungeon here.
Are you sure you want to leave the Dungeon?
This will make you lose the game!
You have escaped!

##.#####..............>. ###
#.######)#####... #.# ####.# ###
####.# #....## ..###....#
#.##..### #......(.###.......##
..≈§§≈...##...≈≈≈≈..#
.§≈§≈§≈§.....≈≈≈≈.≈.#
.≈§§≈≈§§§....≈≈>@≈≈.# ###
.≈≈≈§≈§......≈≈≈≈≈≈.# #.# ...
.§≈≈≈≈§.####..≈≈≈≈..# #.# #......
#......## ##......## #.# #.##.~.
.####..# #.#########.###.##.~#
#.# #..## ##..................#~
.####...####........##...#~.####~
......#......#..###.#.....~#~~~~.
.##.##########..# #.##...#.#~.~.~


There were no monsters in sight!

Vanquished Creatures
  A ball python (D:1)
  2 bats (D:1)
  3 giant cockroaches (D:1)
  6 goblins (D:1)
  A hobgoblin (D:1)
  11 jackals (D:1)
  A quokka (D:1)
  A frilled lizard (D:1)
  A rat (D:1)
  A spectral goblin (D:1)
28 creatures vanquished.

Notes
Turn   | Place    | Note
-------+----------+-------------------------------------------
     0 | D:1      | BritishOli the Demonspawn Fighter began the quest for the
                  | Orb.
     0 | D:1      | Reached XP level 1. HP: 18/18 MP: 1/1
    43 | D:1      | Gained mutation: You sometimes gain a little power by
                  | taking damage. [demonic ancestry]
    43 | D:1      | Reached XP level 2. HP: 6/24 MP: 2/2
   467 | D:1      | Found a faded altar of an unknown god.
   979 | D:1      | Gained mutation: You regenerate magic rapidly. [demonic
                  | ancestry]
   979 | D:1      | Reached XP level 3. HP: 28/29 MP: 3/3
  1055 | D:$      | Got out of the dungeon alive.

Illustrated notes

Levels and vault maps discovered:
D:1:      dpeg_arrival_pits, layout_loops_corners,
          dreamdust_ecumenical_altar_drowned_temple,
          kennysheep_decorative_pillar

Skill      XL: |  1  2 |
---------------+-------+-----
Long Blades    | 2 |  2.2
Armour         | 3 |  3.0
Shields        | 3 |  3.0
Fighting       | |  3.3

Action                   || total
-------------------------++-------
Melee: Long sword        ||    48
       Short sword       ||    50
Armor: Scale mail        ||    83
Dodge: Dodged            ||    61
Block: Buckler           ||    24

Table legend: (Time is in decaauts)
 A = Elapsed time spent in this place.
 B = Non-inter-level travel time spent in this place.
 C = Inter-level travel time spent in this place.
 D = Time resting spent in this place.
 E = Time spent auto-exploring this place.
 F = Levels seen in this place.
 G = Mean time per level.
                   A        B        C        D        E       F      G
               +--------+--------+--------+--------+--------+-----+--------+
         Total |   1078 |   1028 |     50 |      0 |    824 |   1 | 1078.0 |
       Dungeon |   1078 |   1028 |     50 |      0 |    824 |   1 | 1078.0 |
               +--------+--------+--------+--------+--------+-----+--------+

Top non-repeatable levels by time:
     D:1: 1078 daAuts
